 Dungeon Crawl Stone Soup version 0.29-a0-350-g7790a0e70a (webtiles) character file.

Game seed: 5684996285018432621

527 pascalblue the Grave Robber (level 7, 0/36 HPs)
             Began as a Deep Elf Necromancer on Apr 22, 2022.
             Was an Initiate of Vehumet.
             Slain by a gnoll
             ... wielding a +0 flail
              (10 damage)
             ... on level 5 of the Dungeon.
             The game lasted 00:14:54 (4997 turns).

pascalblue the Grave Robber (Deep Elf Necromancer)  Turns: 4997, Time: 00:14:54

Health: 0/36       AC:  4    Str:  5    XL:     7   Next: 3%
Magic:  2/18       EV: 12    Int: 22    God:    Vehumet [......]
Gold:   229        SH:  0    Dex: 15    Spells: 4/18 levels left

rFire   . . .      SeeInvis .   h - staff of death
rCold   . . .      Faith    .   (no shield)
rNeg    + . .      Spirit   .   a - +0 robe
rPois   .          Reflect  .   (no helmet)
rElec   .          Harm     .   (no cloak)
rCorr   .          Rampage  .   p - +1 pair of gloves
Will    .....                   (no boots)
Stlth   ++........              n - amulet of the acrobat
HPRegen 0.12/turn               s - ring of wizardry
MPRegen 0.16/turn               (no ring)

@: no status effects
A: no striking features
a: Renounce Religion


You were on level 5 of the Dungeon.
You worshipped Vehumet.
Vehumet was noncommittal.
You visited 2 branches of the dungeon, and saw 6 of its levels.

You collected 229 gold pieces.

Inventory:

Hand Weapons
 d - a +0 club
 i - the +3 hand axe of Okawaru's Reproof {drain, Int+4}
   (You found it on level 3 of the Dungeon)

   A truly terrible weapon, it drains the life of any living foe it strikes.
   Int:       It affects your intelligence (+4).
 l - a +2 vampiric hand axe
 m - the +5 hand axe of the Dwarven Hall {vorpal, Int+3}
   (You found it on level 2 of the Dungeon)

   It inflicts extra damage upon your enemies.
   Int:       It affects your intelligence (+3).
 q - the +5 war axe of Resumed Hostilities {vorpal, Int+2}
   (You found it on level 3 of the Dungeon)

   It inflicts extra damage upon your enemies.
   Int:       It affects your intelligence (+2).
Missiles
 c - 44 stones
 e - 7 poisoned darts
Armour
 a - a +0 robe (worn)
 p - a +1 pair of gloves (worn)
Magical Staves
 h - a staff of death (weapon)
Jewellery
 n - an amulet of the acrobat (around neck)
 s - a ring of wizardry (left hand)
Scrolls
 f - 2 scrolls of amnesia
 r - a scroll of identify
 t - a scroll of silence {unknown}
 u - a scroll of enchant armour {unknown}
Potions
 b - a potion of magic
 g - 2 potions of ambrosia {unknown}
 j - 2 potions of brilliance {unknown}
 k - a potion of curing {unknown}
 o - a potion of attraction {unknown}
 v - a potion of heal wounds


   Skills:
 - Level 0.1 Axes
 - Level 2.4 Dodging
 - Level 2.4 Stealth
 * Level 6.1 Spellcasting
 + Level 1.9 Summonings
 * Level 7.7 Necromancy
 * Level 2.9 Ice Magic


You had 4 spell levels left.
You knew the following spells:

 Your Spells              Type           Power      Damage    Failure   Level
a - Pain                  Necr           100%       1d9       1%          1
b - Vampiric Draining     Necr           57%        2d10      1%          3
c - Frozen Ramparts       Ice            38%        1d5       3%          3
d - Call Imp              Summ           15%        N/A       2%          2
e - Agony                 Necr           57%        N/A       4%          5

Your spell library contained the following spells:

 Spells                   Type           Power      Damage    Failure   Level
 Animate Skeleton         Necr           100%       N/A       1%          1
 Animate Dead             Necr           28%        N/A       1%          4
 Magic Dart               Conj           24%        1d4       3%          1
 Mephitic Cloud           Conj/Pois/Air  6%         N/A       11%         3
 Summon Ice Beast         Ice/Summ       17%        N/A       13%         4
 Ice Form                 Ice/Tmut       13%        N/A       21%         4


Dungeon Overview and Level Annotations

Branches:
Dungeon (5/15)             Temple (1/1) D:4

Altars:
Ashenzari
Cheibriados
Dithmenos
Elyvilon
Fedhas
Gozag
Hepliaklqana
Kikubaaqudgha
Nemelex Xobeh
Okawaru
Qazlal
Ru
Sif Muna
Trog
Uskayaw
Vehumet
Wu Jian
Xom
Yredelemnul
Zin
The Shining One


Message History

Aiming: Pain (safe; 1% risk of failure)
Press: ? - help, Shift-Dir - straight line, f/p - gnoll shaman
Aim: a gnoll shaman, wielding a +0 whip and wearing a +0 robe (lightly wounded, chance to affect: 83%)
You feel a surge of power!
The gnoll shaman barely resists.
You feel sick.
The gnoll shaman invokes the aid of its god against you.
You easily resist.
Casting: Pain (safe; 1% risk of failure)
Confirm with . or Enter, or press ? or * to list all spells.
Aiming: Pain (safe; 1% risk of failure)
Press: ? - help, Shift-Dir - straight line, f/p - gnoll shaman
Aim: a gnoll shaman, wielding a +0 whip and wearing a +0 robe (lightly wounded, chance to affect: 83%)
You feel a surge of power!
The gnoll shaman writhes in agony.
You feel sick.
The gnoll shaman hits you with a +0 whip.
* * * LOW HITPOINT WARNING * * *
You feel much better.
You feel sick.
The gnoll shaman hits you with a +0 whip.
Casting: Pain (safe; 1% risk of failure)
Confirm with . or Enter, or press ? or * to list all spells.
Aiming: Pain (safe; 1% risk of failure)
Press: ? - help, Shift-Dir - straight line, f/p - gnoll shaman
Aim: a gnoll shaman, wielding a +0 whip and wearing a +0 robe (moderately wounded, chance to affect: 83%)
You feel a surge of power!
The gnoll shaman writhes in agony.
You feel sick.
The gnoll shaman hits you with a +0 whip.
You feel sick.
A gnoll comes into view. It is wielding a +0 whip.
You feel sick.
The gnoll shaman calls upon its god to speed up the gnoll.
The gnoll seems to speed up.
The gnoll shouts!
The gnoll attacks as you move away! The gnoll completely misses you.
You feel sick.
You are no longer poisoned.
The gnoll attacks as you move away! The gnoll hits you with a +0 flail!
* * * LOW HITPOINT WARNING * * *
The gnoll misses you.
You hit the gnoll but do no damage. You hit the gnoll.
The gnoll is lightly wounded.
The gnoll hits you with a +0 flail!
You die...

#.....#.# ####.##.#
#######.##.#
#.......##.#
#.####.....#
#..........#####
#.#######.#.#....<#
#...gg)|g..g#.#####
..........#@###
###########.# #.#
#.# #.# #.# #.# #.#


You could see a gnoll shaman and 3 gnolls.

Vanquished Creatures
  A sky beast (D:4)
  An ogre (D:5)
  A phantom (D:4)
  A bullfrog (D:3)
  A howler monkey (D:4)
  5 gnolls
  5 adders
  2 worms
  A dart slug (D:3)
  2 orcs
  4 endoplasms (D:4)
  2 giant cockroaches
  5 goblins
  8 hobgoblins
  6 jackals
  5 quokkas
  3 ball pythons
  10 bats
  6 frilled lizards
  6 kobolds
  4 rats
79 creatures vanquished.

Notes
Turn   | Place    | Note
-------+----------+-------------------------------------------
     0 | D:1      | pascalblue the Deep Elf Necromancer began the quest for the
                  | Orb.
     0 | D:1      | Reached XP level 1. HP: 10/10 MP: 6/6
    52 | D:1      | Reached skill level 5 in Necromancy
   577 | D:1      | Reached XP level 2. HP: 4/15 MP: 4/8
  1377 | D:2      | Found a broken altar of Ashenzari.
  1388 | D:2      | Identified the +5 hand axe of the Dwarven Hall {vorpal,
                  | Int+3}
  1437 | D:2      | Reached XP level 3. HP: 3/19 MP: 0/10
  1803 | D:2      | Found a faded altar of an unknown god.
  1829 | D:2      | Reached skill level 6 in Necromancy
  2828 | D:3      | Reached XP level 4. HP: 21/24 MP: 8/11
  2877 | D:3      | Noticed a bullfrog
  2888 | D:3      | Killed a bullfrog
  2889 | D:3      | Reached XP level 5. HP: 8/28 MP: 5/14
  3148 | D:3      | Learned a level 3 spell: Vampiric Draining
  3152 | D:3      | Learned a level 3 spell: Frozen Ramparts
  3159 | D:3      | Learned a level 2 spell: Call Imp
  3276 | D:3      | Identified the +3 hand axe of Okawaru's Reproof {drain,
                  | Int+4}
  3333 | D:3      | Found an opulent altar of Gozag.
  3511 | D:3      | Identified the +5 war axe of Resumed Hostilities {vorpal,
                  | Int+2}
  3775 | D:4      | Reached skill level 5 in Spellcasting
  3828 | D:4      | Noticed a sky beast
  3839 | D:4      | Killed a sky beast
  3840 | D:4      | Reached skill level 7 in Necromancy
  3840 | D:4      | Reached skill level 1 in Ice Magic
  3841 | D:4      | Noticed a phantom
  3866 | D:4      | Killed a phantom
  3867 | D:4      | Reached skill level 1 in Summonings
  3867 | D:4      | Reached XP level 6. HP: 16/32 MP: 2/16
  4187 | D:4      | Found a staircase to the Ecumenical Temple.
  4208 | Temple   | Entered the Ecumenical Temple
  4304 | Temple   | Became a worshipper of Vehumet
  4901 | D:4      | Learned a level 5 spell: Agony
  4934 | D:5      | Entered Level 5 of the Dungeon
  4984 | D:5      | Reached XP level 7. HP: 36/36 MP: 6/18
  4997 | D:5      | Slain by a gnoll

Illustrated notes

Levels and vault maps discovered:
D:1:      amcnicky_arrival_single_pillar, layout_rooms,
          minmay_misc_feat_nine_boxes, hangedman_decor_clover_reticule
D:2:      layout_loops_ring, basic_altar, basic_ecumenical_altar
D:3:      layout_rooms, nicolae_gozag_cash_rules_everything_around_me
D:4:      layout_rooms, minmay_temple_entry_antechambers, grunt_ministairs_4,
          minmay_misc_feat_rugged
D:5:      layout_basic, hangedman_decor_lopped, uniq_pikel
Temple:   regret_index_temple_chain_breaker

Skill      XL: |  1  2  3  4  5  6 |
---------------+-------------------+-----
Necromancy     | 5 6 7 |  7.7
Spellcasting   | 4 5 6 |  6.1
Ice Magic      | 2 |  2.9
Summonings     | 1 |  1.9
Axes           | |  0.1
Dodging        | |  2.4
Stealth        | |  2.4

Action                   |  1- 3 |  4- 6 |  7- 9 || total
-------------------------+-------+-------+-------++-------
Melee: Hand axe          |     3 |    19 |       ||    22
       Staff             |       |     3 |     2 ||     5
 Cast: Pain              |    73 |    59 |     7 ||   139
       Vampiric Draining |       |     5 |       ||     5
       Call Imp          |       |     3 |       ||     3
       Frozen Ramparts   |       |     2 |       ||     2
       Agony             |       |     1 |       ||     1
  Use: Scroll            |     6 |       |       ||     6
       Potion            |       |     2 |     1 ||     3
 Stab: Distracted        |       |     1 |       ||     1
Armor: Robe              |    10 |     8 |       ||    18
Dodge: Dodged            |    28 |    44 |     2 ||    74

Table legend: (Time is in decaauts)
 A = Elapsed time spent in this place.
 B = Non-inter-level travel time spent in this place.
 C = Inter-level travel time spent in this place.
 D = Time resting spent in this place.
 E = Time spent auto-exploring this place.
 F = Levels seen in this place.
 G = Mean time per level.
                   A        B        C        D        E       F      G
               +--------+--------+--------+--------+--------+-----+--------+
         Total |   5000 |   4895 |    105 |    351 |   3806 |   6 |  833.3 |
       Dungeon |   4883 |   4798 |     85 |    351 |   3733 |   5 |  976.6 |
        Temple |    116 |     96 |     20 |      0 |     73 |   1 |  116.0 |
               +--------+--------+--------+--------+--------+-----+--------+

Top non-repeatable levels by time:
     D:2: 1497 daAuts
     D:1: 1274 daAuts
     D:4: 1120 daAuts
     D:3: 929 daAuts
  Temple: 116 daAuts
     D:5: 62 daAuts
